 Dungeon Crawl Stone Soup version 0.29-a0-380-gf50f0a9fbc (webtiles) character file.

Game seed: 4032715173444994001

280 Antichthon the Skirmisher (level 6, -2/48 HPs)
             Began as a Formicid Abyssal Knight on May 5, 2022.
             Was a Priest of Lugonu.
             Slain by a gnoll
             ... wielding a +0 club
             ... led by a gnoll shaman
              (4 damage)
             ... on level 4 of the Dungeon.
             The game lasted 00:04:44 (3567 turns).

Antichthon the Skirmisher (Formicid Abyssal Knight) Turns: 3567, Time: 00:04:44

Health: -2/48      AC:  9    Str: 18    XL:     6   Next: 52%
Magic:  8/8        EV:  7    Int:  9    God:    Lugonu [***...]
Gold:   137        SH:  0    Dex: 13    Spells: 5/5 levels left

rFire   . . .      SeeInvis +   a - +1 battleaxe
rCold   . . .      Faith    .   (no shield)
rNeg    . . .      Spirit   .   h - +0 chain mail
rPois   .          Reflect  .   (helmet unavailable)
rElec   .          Harm     .   (no cloak)
rCorr   +          Rampage  .   (no gloves)
Will    .....                   (no boots)
Stlth   ..........              (no amulet)
HPRegen 0.16/turn               e - ring of resist corrosion
MPRegen 0.11/turn               (no ring)

@: no status effects
A: permanent stasis, dig shafts and tunnels, antennae 3, four strong arms
a: Dig, Shaft Self, Renounce Religion, Depart the Abyss, Bend Space, Banish


You were on level 4 of the Dungeon.
You worshipped Lugonu.
Lugonu was most pleased with you.
You visited 1 branch of the dungeon, and saw 4 of its levels.
You visited the Abyss 1 time.

You collected 137 gold pieces.

Inventory:

Hand Weapons
 a - a +1 battleaxe (weapon)
Armour
 h - a +0 chain mail (worn)
Jewellery
 c - a ring of fire
 e - a ring of resist corrosion (left hand)
 s - an amulet of magic regeneration
Wands
 n - a wand of digging (2)
 r - a wand of flame (29)
Scrolls
 g - a scroll of enchant weapon
 q - a scroll of fog
Potions
 b - a potion of attraction
 d - a potion of heal wounds
 f - a potion of resistance
 i - a potion of might {unknown}
 j - 3 potions of curing
 k - a potion of flight {unknown}
 l - a potion of brilliance {unknown}
 m - a potion of haste {unknown}
 o - a potion of degeneration {unknown}
 p - 2 potions of ambrosia {unknown}
 t - a potion of invisibility {unknown}


   Skills:
 * Level 3.7 Fighting
 * Level 2.6(3.0) Axes
 - Level 2.0(2.6) Maces & Flails
 * Level 3.0 Crossbows
 * Level 3.0 Armour
 * Level 1.7 Dodging
 * Level 1.4 Stealth
 * Level 1.1 Shields
 * Level 2.8 Invocations
 * Level 1.0 Evocations


You had 5 spell levels left.
You didn't know any spells.
Your spell library contained the following spells:

 Spells                   Type           Power      Damage    Failure   Level
 Apportation              Tloc           0%         N/A       99%         1
 Dazzling Flash           Conj/Hex       0%         N/A       100%        3
 Gell's Gravitas          Tloc           0%         N/A       100%        3
 Lesser Beckoning         Tloc           0%         N/A       100%        3
 Teleport Other           Tloc           0%         N/A       100%        3
 Agony                    Necr           0%         N/A       100%        5
 Alistair's Intoxication  Tmut/Pois      0%         N/A       100%        5
 Fireball                 Conj/Fire      0%         3d3       100%        5
 Iskenderun's Battlesphe  Conj           0%         2d6       100%        5
 Silence                  Hex/Air        0%         N/A       100%        5
 Conjure Ball Lightning   Conj/Air       0%         3x3d6     100%        6
 Orb of Destruction       Conj           0%         9d5       100%        7


Dungeon Overview and Level Annotations

Branches:
Dungeon (4/15)
 Temple: D:4-7

Altars:
Zin

Annotations:
D:4 Dowan, Duvessa


Innate Abilities, Weirdness & Mutations

You cannot be hasted, slowed, berserked, paralysed or teleported.
You can dig through walls and to a lower floor.
You have a pair of large antennae on your head. (SInv)
Your four strong arms can wield two-handed weapons with a shield.


Message History

The gnoll shaman is moderately wounded.
The gnoll hits you but does no damage. The gnoll closely misses you.
The gnoll shaman hits you but does no damage.
The gnoll closely misses you.
A gnoll comes into view. It is wielding a +0 club.
The gnoll hits you with a +0 halberd.
You see here a +0 short sword.
You barely miss the gnoll.
The gnoll shouts!
You slash the gnoll shaman!
You kill the gnoll shaman!
Lugonu accepts your kill.
You can now banish your foes.
You hear a shout!
The gnoll hits you with a +0 halberd. The gnoll hits you with a +0 halberd!
Your Armour skill increases to level 3!
Your Evocations skill increases to level 1!
You barely miss the gnoll. The gnoll barely misses you. x2
Unknown command.
A gnoll comes into view. It is wielding a +0 flail.
The gnoll shouts!
You hear a shout! x2
The gnoll hits you with a +0 club.
A gnoll comes into view. It is wielding a +0 whip.
The gnoll hits you with a +0 halberd.
The gnoll moves out of view.
Unknown command.
The gnoll shouts!
You hit the gnoll.
The gnoll is moderately wounded.
You hit the gnoll. The gnoll hits you with a +0 halberd.
* * * LOW HITPOINT WARNING * * *
A kobold comes into view. It is wielding a +0 short sword.
The gnoll hits you but does no damage. The gnoll barely misses you.
A gnoll comes into view. It is wielding a +0 halberd.
The gnoll hits you but does no damage. The gnoll hits you with a +0 halberd!
* * * LOW HITPOINT WARNING * * *
The gnoll shouts!
You slash the gnoll!
You kill the gnoll!
Lugonu accepts your kill.
You hit the gnoll. The gnoll hits you with a +0 club.
You die...

##........##..........
#..............g...###
###..#####..##..g.....
#)†# ##...##......#
##.####....##..K.# ##
###...........{..g.#..
..........###..##.......#
...{......##..###g###...#
.......##....###@........
##...###......))).######
.........#....###.#
.....############.#####...
##...# ### #............
#..## #A#. ####.########
#..# ###..#.†..## ....
#....'.##..# ..##.
#....#.....#####


You could see 3 gnolls and a kobold.

Vanquished Creatures
  A black bear (D:4)
  A jelly (D:4)
  A gnoll shaman (D:4)
  Ijyb (D:3)
  Natasha (D:3)
  Terence (D:3)
  A gnoll (D:4)
  2 worms
  A dart slug (D:3)
  3 orcs
  4 bats
  6 endoplasms
  2 giant cockroaches
  2 goblins
  2 hobgoblins
  4 jackals (D:3)
  6 kobolds
  8 ball pythons
  6 frilled lizards
  3 rats
56 creatures vanquished.

Notes
Turn   | Place    | Note
-------+----------+-------------------------------------------
     0 | Abyss:1  | Antichthon the Formicid Abyssal Knight began the quest for
                  | the Orb.
     0 | Abyss:1  | Reached XP level 1. HP: 18/18 MP: 2/2
    46 | Abyss:1  | Found a corrupted altar of Lugonu.
    94 | Abyss:1  | Noticed a neqoxec
    95 | D:1      | Escaped the Abyss
   264 | D:1      | Reached skill level 1 in Crossbows
   601 | D:1      | Reached XP level 2. HP: 24/24 MP: 3/3
   818 | D:2      | Reached ** piety under Lugonu
  1410 | D:2      | Reached XP level 3. HP: 28/29 MP: 4/4
  2271 | D:3      | Reached skill level 1 in Dodging
  2495 | D:3      | Noticed Natasha
  2530 | D:3      | Killed Natasha
  2531 | D:3      | Reached skill level 1 in Axes
  2531 | D:3      | Reached XP level 4. HP: 32/35 MP: 5/5
  2581 | D:3      | Noticed Ijyb
  2610 | D:3      | Killed Ijyb
  2758 | D:3      | Reached XP level 5. HP: 39/41 MP: 6/6
  2868 | D:3      | Found a faded altar of an unknown god.
  2977 | D:3      | Noticed Terence
  2987 | D:3      | Killed Terence
  3203 | D:4      | Noticed a black bear
  3212 | D:4      | Killed a black bear
  3213 | D:4      | Reached skill level 1 in Stealth
  3213 | D:4      | Reached skill level 1 in Shields
  3213 | D:4      | Reached XP level 6. HP: 33/48 MP: 6/8
  3399 | D:4      | Noticed Duvessa
  3400 | D:4      | Noticed Dowan
  3522 | D:4      | Found a glowing silver altar of Zin.
  3522 | D:4      | Noticed an angel
  3563 | D:4      | Reached *** piety under Lugonu
  3564 | D:4      | Reached skill level 1 in Evocations
  3566 | D:4      | HP: 2/48 [gnoll/+0 halberd[a gnoll shaman] (8)]
  3567 | D:4      | Slain by a gnoll

Illustrated notes

Levels and vault maps discovered:
D:1:      lightli_arrival_windingriver, layout_basic
D:2:      wander_river, layout_loops_ring
D:3:      layout_loops_corners, ebering_ecumenical_altar_rust,
          kennysheep_generic_room_2, uniq_terence, uniq_natasha, uniq_ijyb
D:4:      layout_rooms, zin_angel, serial_shops, nicolae_stop_n_shop_1,
          minmay_fractal_squares_diagonal_5, uniq_edmund, uniq_duvessa

Skill      XL: |  1  2  3  4  5  6 |
---------------+-------------------+-----
Crossbows      | 1 2 3 |  3.0
Dodging        | 1 |  1.7
Axes           | 1 2 |  2.6
Stealth        | 1 |  1.4
Shields        | 1 |  1.1
Armour         | 3 |  3.0
Evocations     | 1 |  1.0
Fighting       | |  3.7
Maces & Flails | |  2.0
Invocations    | |  2.8

Action                   |  1- 3 |  4- 6 || total
-------------------------+-------+-------++-------
Melee: Mace              |    54 |       ||    54
       Battleaxe         |    73 |    75 ||   148
       Punch             |     1 |       ||     1
Invok: Depart the Abyss  |     1 |       ||     1
  Use: Scroll            |    11 |       ||    11
       Potion            |     1 |     1 ||     2
Armor: Leather armour    |    25 |       ||    25
       Chain mail        |    79 |    59 ||   138
Dodge: Dodged            |    83 |    43 ||   126

Table legend: (Time is in decaauts)
 A = Elapsed time spent in this place.
 B = Non-inter-level travel time spent in this place.
 C = Inter-level travel time spent in this place.
 D = Time resting spent in this place.
 E = Time spent auto-exploring this place.
 F = Levels seen in this place.
 G = Mean time per level.
                   A        B        C        D        E       F      G
               +--------+--------+--------+--------+--------+-----+--------+
         Total |   3702 |   3540 |    162 |      0 |   2813 |   5 |  740.4 |
       Dungeon |   3607 |   3445 |    162 |      0 |   2719 |   4 |  901.8 |
         Abyss |     95 |     95 |      0 |      0 |     94 |   1 |   95.0 |
               +--------+--------+--------+--------+--------+-----+--------+

Top non-repeatable levels by time:
     D:3: 1449 daAuts
     D:2: 1218 daAuts
     D:1: 638 daAuts
     D:4: 300 daAuts
 Abyss:1: 95 daAuts
